 Dungeon Crawl Stone Soup version 0.24-a0-244-ga6a6ab7 (webtiles) character file.

Game seed: 7882903656139612845

99743 Lanoc the Severer (level 15, -2/139 HPs)
             Began as a Minotaur Gladiator on Apr 10, 2019.
             Was a Follower of Uskayaw.
             Hit by a large rock thrown by a stone giant (13 damage)
             ... on level 1 of the Depths.
             The game lasted 00:46:57 (19624 turns).

Lanoc the Severer (Minotaur Gladiator)             Turns: 19624, Time: 00:46:58

Health: -2/139     AC: 26    Str: 22    XL:     15   Next: 78%
Magic:  23/23      EV: 15    Int:  3    God:    Uskayaw [*.....]
Gold:   1729       SH:  5    Dex: 17    Spells: 13/14 levels left

rFire    + . .     SeeInvis .   b - +7 broad axe of Moefic {chop, +Rage Str+2 Int-2 Stlth+}
rCold    . . .     Gourm    .   Q - +0 buckler
rNeg     . . .     Faith    .   P - +2 plate armour {rF+}
rPois    .         Spirit   .   c - +0 hat
rElec    .         Reflect  .   K - +0 cloak
rCorr    .         Harm     .   G - +2 pair of gloves {archery}
MR       +....                  (no boots)
Stlth    ..........             N - amulet of regeneration
HPRegen  0.73/turn              J - +2 ring of protection
MPRegen  0.18/turn              R - +1 ring of protection

@: no status effects
A: retaliatory headbutt, horns 2
a: Stomp, Renounce Religion, Evoke Berserk Rage


You were on level 1 of the Depths.
You worshipped Uskayaw.
Uskayaw was pleased with you.
You were not hungry.

You visited 5 branches of the dungeon, and saw 25 of its levels.
You also visited: Sewer and Volcano.

You collected 2107 gold pieces.
You spent 378 gold pieces at shops.

Inventory:

Hand Weapons
 b - the +7 broad axe of Moefic (weapon) {chop, +Rage Str+2 Int-2 Stlth+}
   (You found it on level 3 of the Lair of Beasts)

   It inflicts extra damage upon your enemies.
   It affects your strength (+2).
   It affects your intelligence (-2).
   It lets you go berserk.
   It makes you more stealthy.
 l - a +1 vampiric battleaxe
 s - the +9 sword of Zonguldrok {reap}
   (You found it on level 15 of the Dungeon)

   If a monster killed with it leaves a corpse in good enough shape, the corpse
   will be animated as a zombie friendly to the killer.
 t - a +0 blowgun
 u - a +2 broad axe of flaming
Missiles
 d - 4 throwing nets (quivered)
 e - 4 needles of confusion
 q - 90 poisoned needles
 v - 2 needles of sleeping
 y - 3 curare-tipped needles
Armour
 c - a +0 hat (worn)
 G - a +2 pair of gloves of archery (worn)
 K - a +0 cloak (worn)
 P - a +2 plate armour of fire resistance (worn)
 Q - a +0 buckler (worn)
Jewellery
 J - a +2 ring of protection (left hand)
 N - an amulet of regeneration (around neck)
 R - a +1 ring of protection (right hand)
Wands
 j - a wand of acid (8)
 B - a wand of iceblast (17)
 C - a wand of digging (11)
 T - a wand of clouds (10)
 W - a wand of scattershot (9)
 X - a wand of random effects (41)
Scrolls
 h - 4 scrolls of enchant weapon
 i - 4 scrolls of blinking
 o - 8 scrolls of teleportation
 r - 5 scrolls of remove curse
 D - 2 scrolls of enchant armour
 E - 2 scrolls of magic mapping
 I - 3 scrolls of immolation
 L - 4 scrolls of fear
 O - 7 scrolls of identify
 S - 2 scrolls of silence
 U - 2 scrolls of holy word
 V - 4 scrolls of fog
Potions
 a - a potion of cancellation
 g - 5 potions of curing
 k - 3 potions of brilliance
 m - 3 potions of flight
 n - 2 potions of haste
 p - 6 potions of agility
 w - 2 potions of lignification
 x - 3 potions of berserk rage
 z - 6 potions of might
 A - 5 potions of magic
 H - 2 potions of mutation
 M - 2 potions of ambrosia
 Y - 2 potions of heal wounds
 Z - a potion of resistance
Comestibles
 f - 37 rations


   Skills:
 + Level 14.4 Fighting
 + Level 17.1 Axes
 - Level 2.0 Throwing
 + Level 14.1 Armour
 + Level 13.6 Dodging
 - Level 4.0 Shields
 + Level 12.1 Invocations


You had 13 spell levels left.
You knew the following spells:

 Your Spells              Type           Power        Failure   Level  Hunger
a - Summon Butterflies    Summ           #.......     99%         1    ##.....

Your spell library contained the following spells:

 Spells                   Type           Power        Failure   Level  Hunger
 Corona                   Hex            #......      99%         1    ##.....
 Flame Tongue             Conj/Fire      #....        99%         1    ##.....
 Magic Dart               Conj           #...         99%         1    ##.....
 Summon Small Mammal      Summ           #...         99%         1    ##.....
 Blink                    Tloc           N/A          100%        2    ###....
 Call Imp                 Summ           #.......     100%        2    ###....
 Corpse Rot               Necr           N/A          100%        2    ###....
 Ensorcelled Hibernation  Hex/Ice        #.....       100%        2    ###....
 Searing Ray              Conj           #.....       100%        2    ###....
 Slow                     Hex            #.......     100%        2    ###....
 Sublimation of Blood     Necr           #.........   100%        2    ###....
 Throw Flame              Conj/Fire      #.....       100%        2    ###....
 Call Canine Familiar     Summ           #.......     100%        3    ####...
 Confuse                  Hex            #.......     100%        3    ####...
 Conjure Flame            Conj/Fire      #.......     100%        3    ####...
 Dazzling Spray           Conj/Hex       #.....       100%        3    ####...
 Inner Flame              Hex/Fire       #.......     100%        3    ####...
 Mephitic Cloud           Conj/Pois/Air  #.......     100%        3    ####...
 Summon Guardian Golem    Hex/Summ       #.......     100%        3    ####...
 Tukima's Dance           Hex            #.......     100%        3    ####...
 Force Lance              Conj/Tloc      #.......     100%        4    #####..
 Fulminant Prism          Conj/Hex       #.........   100%        4    #####..
 Iskenderun's Mystic Bla  Conj           #.......     100%        4    #####..
 Sticky Flame             Conj/Fire      #.......     100%        4    #####..
 Summon Ice Beast         Ice/Summ       #.......     100%        4    #####..
 Summon Lightning Spire   Summ/Air       #.......     100%        4    #####..
 Agony                    Necr           #.......     100%        5    ######.
 Bolt of Draining         Conj/Necr      #.........   100%        5    ######.
 Bolt of Magma            Conj/Fire/Erth #.........   100%        5    ######.
 Dispel Undead            Necr           #.......     100%        5    ######.
 Excruciating Wounds      Chrm/Necr      #.........   100%        5    ######.
 Fireball                 Conj/Fire      #.........   100%        5    ######.
 Iskenderun's Battlesphe  Conj/Chrm      #.......     100%        5    ######.
 Summon Mana Viper        Hex/Summ       #.......     100%        5    ######.
 Venom Bolt               Conj/Pois      #.........   100%        5    ######.
 Iron Shot                Conj/Erth      #.........   100%        6    #######
 Orb of Destruction       Conj           #.........   100%        7    #######
 Spellforged Servitor     Conj/Summ      #.........   100%        7    #######
 Summon Hydra             Summ           #.........   100%        7    #######


Dungeon Overview and Level Annotations

Branches:
Dungeon (15/15)            Temple (1/1) D:6            Lair (6/6) D:11
  Swamp (0/4) Lair:2        Snake (0/4) Lair:3        Slime (0/5) Lair:5
    Orc (2/2) D:11            Elf (0/3) Orc:2        Vaults (0/5) D:14
 Depths (1/5) D:15

Altars:
Ashenzari
Cheibriados
Dithmenos
Fedhas
Gozag
Hepliaklqana
Makhleb
Nemelex Xobeh
Okawaru
Qazlal
Ru
Sif Muna
Trog
Uskayaw
Vehumet
Xom
Yredelemnul
The Shining One
Beogh
Jiyva

Shops:
D:7 [   Orc:2 ?=*?}

Portals:
Hell: Depths:1


Innate Abilities, Weirdness & Mutations

You reflexively headbutt those who attack you in melee.
You have a pair of horns on your head.


Message History

The yaktaur shoots a bolt.
The bolt hits you.
The yaktaur shoots a bolt.
The bolt hits you.
The yaktaur shoots a bolt.
The bolt hits you!
The yaktaur shoots a bolt.
The bolt hits you.
The yaktaur shoots a bolt.
The bolt hits you!
The yaktaur shoots a bolt.
The bolt hits you but does no damage.
Your larval oxbat beast closely misses the ice dragon.
Your larval oxbat beast tramples the ice dragon but does no damage.
The stone giant throws a large rock.
The large rock hits you!!
* * * LOW HITPOINT WARNING * * *
Your larval oxbat beast closely misses the ice dragon.
Your larval oxbat beast tramples the ice dragon but does no damage.
The yaktaur shoots a bolt.
The bolt barely misses you.
The yaktaur shoots a bolt.
The bolt hits you but does no damage.
The yaktaur shoots a bolt.
The bolt hits you!!
* * * LOW HITPOINT WARNING * * *
The yaktaur shoots a bolt.
The bolt completely misses you.
The bolt hits the stone giant!!
You block the stone giant's attack.
The yaktaur shoots a bolt.
The bolt closely misses you.
The stone giant throws a large rock.
The large rock hits you!
You die...

##.. .......
#...## .........
##....##........
#.....#.........
#....c..(.......
#.........(c....
.c.......($(....
......((...c.c..
......(.@....cc.
.....∩((C.(.c..c
........D(H.....
...........##.##
..........## #
..........#
..C.......#
..........#
..........#


You could see an ice dragon, 2 stone giants, 9 yaktaurs and a friendly larval
oxbat beast.

Vanquished Creatures
  A bone dragon (D:15)
  A tengu reaver (D:15)
  Snorg (Lair:4)
  Josephine (D:12)
  A yaktaur captain (D:15)
  8 hydras
  6 vault guards
  Harold (D:7)
  2 centaur warriors
  4 catoblepae
  4 two-headed ogres
  10 death yaks
  2 deep troll shamans (D:15)
  A deep troll earth mage (D:15)
  5 orc high priests
  Sonja (Lair:4)
  2 deep trolls (D:15)
  A swamp dragon (Lair:2)
  2 lindwurms (Volcano)
  A wolf spider zombie (D:15)
  Pikel (D:8)
  7 orc knights
  A wizard (D:14)
  6 orc sorcerers (Orc:2)
  2 deep elf magi
  9 ugly things
  3 cyclopes
  Maurice (D:8)
  7 elephants (Lair:4)
  3 manticores
  Joseph (D:9)
  2 molten gargoyles (Volcano)
  8 black mambas
  A gargoyle (D:12)
  5 spiny frogs
  3 yaktaurs
  A kobold demonologist (D:13)
  A komodo dragon (Lair:1)
  A rime drake (Lair:4)
  A freezing wraith (D:15)
  A harpy zombie (D:15)
  3 efreet
  A merfolk (D:11)
  A meliai zombie (D:15)
  20 blink frogs
  6 trolls
  A polar bear (Lair:6)
  A wind drake (shapeshifter) (D:15)
  A hornet (D:11)
  A harpy skeleton (D:15)
  7 hippogriffs
  2 shadows (D:15)
  38 yaks
  3 basilisks
  3 wyverns
  A human (D:11)
  3 fire elementals (Volcano)
  4 hungry ghosts
  A steam dragon (D:9)
  5 wraiths
  4 vampire mosquitoes (D:15)
  4 nagas (Lair:3)
  A soldier ant (D:13)
  3 wargs
  2 acid dragons (D:11)
  20 water moccasins
  18 orc warriors
  3 hornet zombies (D:15)
  6 porcupines
  A black bear (D:11)
  3 ice beasts
  6 sky beasts
  3 slaves (D:8)
  A necrophage (D:11)
  2 eyes of draining
  2 phantoms
  15 centaurs
  6 wolves (Lair:4)
  16 ogres
  11 crocodiles
  6 big kobolds
  23 bullfrogs
  4 earth elementals (Volcano)
  6 scorpions
  2 wyvern skeletons
  19 killer bees
  3 howler monkeys
  6 wights
  An electric eel (Lair:5)
  6 crimson imps
  8 centaur zombies
  A bullfrog zombie (D:12)
  2 quasits
  A bullfrog skeleton (D:10)
  7 hounds
  4 jellies
  21 orc priests
  28 orc wizards
  14 centaur skeletons
  2 iguanas (Lair:2)
  5 hell rats (Lair:4)
  8 worker ants
  A killer bee zombie (D:7)
  A hound skeleton (D:7)
  2 worker ant zombies
  13 adders
  9 river rats
  4 shadow imps
  2 oozes
  An adder zombie (D:10)
  2 worms
  2 dart slugs (D:1)
  4 leopard geckos
  66 orcs
  3 giant cockroaches
  2 gnoll zombies (D:2)
  2 goblins
  4 hobgoblins
  3 jackals (D:7)
  3 quokkas
  8 ball pythons
  5 frilled lizards
  36 kobolds
  A quokka skeleton (D:7)
  A quokka zombie (D:9)
  21 rats
  2 bushes (Lair:1)
  2 fire vortices (Volcano)
  3 fungi
  4 plants
733 creatures vanquished.

Vanquished Creatures (others)
  An orc (Orc:2)
  A fire vortex (Volcano)
  10 fungi
  5 plants
17 creatures vanquished.

Grand Total: 750 creatures vanquished

Notes
Turn   | Place    | Note
-------+----------+-------------------------------------------
     0 | D:1      | Lanoc the Minotaur Gladiator began the quest for the Orb.
     0 | D:1      | Reached XP level 1. HP: 18/18 MP: 0/0
   120 | D:1      | Reached XP level 2. HP: 21/25 MP: 1/1
   152 | D:1      | Reached skill level 4 in Axes
   185 | D:1      | Reached skill level 1 in Armour
   394 | D:2      | Found a basalt altar of Yredelemnul.
   485 | D:3      | Reached XP level 3. HP: 28/30 MP: 2/2
   525 | D:3      | Found an iron altar of Okawaru.
   528 | D:3      | Found a snail-covered altar of Cheibriados.
   542 | D:3      | Found an opulent altar of Gozag.
   545 | D:3      | Found a hide-covered altar of Uskayaw.
   549 | D:3      | Became a worshipper of Uskayaw the Reveler
   567 | D:3      | Reached * piety under Uskayaw
   579 | D:3      | Found a glowing drain.
   584 | D:3      | Reached ** piety under Uskayaw
   586 | D:3      | Reached *** piety under Uskayaw
   611 | Sewer    | Entered a sewer
   683 | Sewer    | Reached XP level 4. HP: 19/38 MP: 3/3
   699 | Sewer    | Reached **** piety under Uskayaw
   928 | Sewer    | Reached skill level 1 in Invocations
   931 | Sewer    | Reached skill level 5 in Axes
  1057 | Sewer    | Reached XP level 5. HP: 45/45 MP: 4/4
  1557 | D:4      | Reached XP level 6. HP: 38/52 MP: 6/6
  1745 | D:4      | Reached skill level 6 in Axes
  2011 | D:4      | Reached XP level 7. HP: 51/59 MP: 7/7
  2411 | D:4      | Found a shadowy altar of Dithmenos.
  2517 | D:5      | Entered Level 5 of the Dungeon
  2592 | D:5      | Reached skill level 7 in Axes
  2669 | D:5      | Reached skill level 5 in Dodging
  2760 | D:5      | Reached skill level 5 in Fighting
  2857 | D:5      | Reached XP level 8. HP: 52/68 MP: 9/9
  2948 | D:5      | Got an ancient war axe
  2949 | D:5      | Identified the +5 war axe "Piazof" {chop, MR+} (You found
                  | it on level 5 of the Dungeon)
  3817 | D:6      | Reached skill level 8 in Axes
  3833 | D:6      | Found a staircase to the Ecumenical Temple.
  3894 | Temple   | Entered the Ecumenical Temple
  4230 | D:6      | Found a burning altar of Makhleb.
  4233 | D:6      | Reached skill level 5 in Armour
  4435 | D:7      | Noticed Harold
  4450 | D:7      | Killed Harold
  4450 | D:7      | Reached skill level 9 in Axes
  4450 | D:7      | Reached XP level 9. HP: 78/78 MP: 11/11
  4473 | D:7      | Reached ***** piety under Uskayaw
  4521 | D:7      | Found a radiant altar of Vehumet.
  4621 | D:7      | Found Xiepasun's Antique Armour Boutique.
  4662 | D:7      | Reached skill level 10 in Axes
  4667 | D:7      | Reached skill level 5 in Invocations
  4674 | D:7      | Reached ****** piety under Uskayaw
  5237 | D:7      | Found a deep blue altar of Sif Muna.
  5456 | D:8      | Noticed Pikel
  5473 | D:8      | Killed Pikel
  5473 | D:8      | Reached XP level 10. HP: 55/86 MP: 11/13
  5615 | D:8      | Reached skill level 11 in Axes
  5642 | D:8      | Noticed Maurice
  5651 | D:8      | Killed Maurice
  5724 | D:8      | Found a bloodstained altar of Trog.
  6040 | D:9      | Found a burning altar of Makhleb.
  6302 | D:9      | Noticed Joseph
  6318 | D:9      | Killed Joseph
  6742 | D:10     | Entered Level 10 of the Dungeon
  6898 | D:10     | Reached skill level 12 in Axes
  7072 | D:10     | Reached XP level 11. HP: 95/95 MP: 14/14
  7505 | D:11     | Noticed a white ugly thing
  7508 | D:11     | Noticed a deep elf mage
  7516 | D:10     | Killed a white ugly thing
  7645 | D:11     | Reached skill level 13 in Axes
  7853 | D:11     | Killed a deep elf mage
  8142 | D:11     | Found a staircase to the Lair.
  8390 | D:11     | Found a staircase to the Orcish Mines.
  8675 | D:12     | Noticed Josephine
  8680 | D:12     | Reached XP level 12. HP: 106/106 MP: 16/16
  8686 | D:12     | Killed Josephine
  8686 | D:12     | Reached skill level 10 in Fighting
  9057 | D:13     | Reached skill level 14 in Axes
  9119 | D:13     | Noticed a two-headed ogre
  9128 | D:13     | Killed a two-headed ogre
  9225 | D:13     | Reached skill level 10 in Dodging
  9298 | D:13     | Reached skill level 10 in Armour
  9597 | D:13     | Noticed a centaur warrior
  9612 | D:13     | Killed a centaur warrior
  9625 | D:13     | Learned a level 1 spell: Summon Butterflies
  9960 | D:14     | Noticed a two-headed ogre
  9967 | D:14     | Killed a two-headed ogre
 10021 | D:14     | Noticed a six-headed hydra
 10030 | D:14     | Killed a one-headed hydra
 10046 | D:14     | Reached skill level 15 in Axes
 10051 | D:14     | Noticed a vault guard
 10051 | D:14     | Noticed a vault guard
 10052 | D:14     | Found a gate to the Vaults.
 10052 | D:14     | Noticed a vault guard
 10052 | D:14     | Noticed a vault guard
 10052 | D:14     | Noticed a vault guard
 10052 | D:14     | Noticed a vault guard
 10053 | D:14     | Noticed a vault guard
 10053 | D:14     | Noticed a vault guard
 10060 | D:14     | Killed a vault guard
 10069 | D:14     | Killed a vault guard
 10080 | D:14     | Killed a vault guard
 10080 | D:14     | Reached XP level 13. HP: 37/116 MP: 18/18
 10220 | D:14     | Found a sacrificial altar of Ru.
 10689 | D:15     | Entered Level 15 of the Dungeon
 10700 | D:15     | Upgraded the game from 0.24-a0-243-g8f5f5cd to
                  | 0.24-a0-244-ga6a6ab7
 10905 | D:15     | Found a blossoming altar of Fedhas.
 11183 | D:15     | Found a staircase to the Depths.
 11587 | D:15     | Reached skill level 16 in Axes
 11627 | D:15     | Noticed a bone dragon
 11628 | D:15     | Found the +9 sword of Zonguldrok {reap}
 11629 | D:15     | Killed a bone dragon
 11629 | D:15     | Reached skill level 10 in Invocations
 11893 | Lair:1   | Entered Level 1 of the Lair of Beasts
 12076 | Lair:1   | Found a glowing golden altar of the Shining One.
 12241 | Lair:1   | Reached XP level 14. HP: 126/126 MP: 20/20
 13125 | Lair:2   | Found a staircase to the Swamp.
 13628 | Lair:3   | Found a dark tunnel.
 13635 | Volcano  | Entered a volcano
 14344 | Lair:3   | Got a smoking broad axe
 14345 | Lair:3   | Identified the +7 broad axe of Moefic {chop, +Rage Str+2
                  | Int-2 Stlth+} (You found it on level 3 of the Lair of
                  | Beasts)
 14450 | Lair:3   | Found a staircase to the Snake Pit.
 14462 | Lair:3   | Reached skill level 1 in Shields
 14882 | Lair:4   | Noticed Snorg
 14892 | Lair:4   | Killed Snorg
 15031 | Lair:4   | Noticed Sonja
 15049 | Lair:4   | Killed Sonja
 15822 | Lair:5   | Found a staircase to the Slime Pits.
 15822 | Lair:5   | Found a viscous altar of Jiyva.
 16623 | Lair:6   | Entered Level 6 of the Lair of Beasts
 16808 | Lair:6   | Reached XP level 15. HP: 112/136 MP: 22/22
 17751 | Orc:1    | Entered Level 1 of the Orcish Mines
 18108 | Orc:2    | Entered Level 2 of the Orcish Mines
 18124 | Orc:2    | Found Suhyam's Magic Scroll Shoppe.
 18132 | Orc:2    | Bought a scroll of blinking for 97 gold pieces
 18132 | Orc:2    | Bought a scroll of blinking for 97 gold pieces
 18152 | Orc:2    | Found a staircase to the Elven Halls.
 18156 | Orc:2    | Found a runed translucent door.
 18486 | Orc:2    | Found Gitumyhi's Gadget Boutique.
 18556 | Orc:2    | Found Nayfo's Jewellery Emporium.
 18705 | Orc:2    | Found Qyquhioz's Magic Scroll Boutique.
 18715 | Orc:2    | Found Goikheam's General Store.
 18721 | Orc:2    | Bought a scroll of identify for 30 gold pieces
 18731 | Orc:2    | Bought a scroll of blinking for 105 gold pieces
 18731 | Orc:2    | Bought a scroll of magic mapping for 49 gold pieces
 18848 | Orc:2    | Reached skill level 17 in Axes
 18873 | Orc:2    | Found a roughly hewn altar of Beogh.
 19072 | Depths:1 | Entered Level 1 of the Depths
 19072 | Depths:1 | Found a gateway to Hell.
 19072 | Depths:1 | Noticed a tengu reaver
 19194 | D:15     | Killed a tengu reaver
 19624 | Depths:1 | Hit by a large rock thrown by a stone giant

Levels and vault maps discovered:
D:1:      eino_arrival_tree_alley, layout_basic
D:2:      minmay_recursive_quarters, layout_loops_corners,
          lemuel_zombie_altar_yredelemnul, corexii_corridor_pit,
          minmay_tiny_reverse_x, uniq_natasha
D:3:      layout_basic, grunt_temple_overflow_cloverleaf, portal_sewer_entry_c,
          lemuel_another_geyser, uniq_grinder
D:4:      layout_gridville, grunt_dithmenos_smoke
D:5:      layout_layer_cave, first_ration
D:6:      layout_loops_cross, makhleb_heckhound_becter,
          minmay_temple_entry_statues_pillars
D:7:      lemuel_ice_spiral_2, layout_rooms, vehumet_altar_wand_db,
          lemuel_round_altar, serial_shops, shop,
          chequers_serial_rivers_micro_a, uniq_harold
D:8:      layout_basic, nicolae_overflow_hidden_temple, uniq_maurice, uniq_pikel
D:9:      layout_loops_ring, basic_altar, uniq_joseph
D:10:     layout_basic
D:11:     layout_basic, lair_entry_dummy, orc_0_dummy, hangedman_stone_soup,
          minmay_fractal_squares_5
D:12:     layout_roguey, uniq_josephine
D:13:     layout_irregular_city
D:14:     layout_roguey, erik_vaults_2, lemuel_altar_in_water2
D:15:     grunt_enter_depths_snipers, layout_irregular_city,
          lemuel_doored_altar, minmay_guarded_unrand_zonguldrok
Temple:   cyrus_circular_temple
Lair:1:   layout_cave_pods, basic_altar, minmay_hedge_maze
Lair:2:   layout_loops_ring, minmay_swamp_entry_reptiles
Lair:3:   layout_misc_corridors, minmay_snake_entry_guardpost_medium,
          nicolae_volcano_entry_hallway, lemuel_fruit_tree
Lair:4:   layout_regular_city, serial_bayou_lagoon_a, uniq_sonja, uniq_snorg
Lair:5:   beast_lair_carwin_large_2, layout_small_grid, slime_altar_1,
          serial_bayou_shore_a, grunt_megastairs_5
Lair:6:   evilmike_catoblepas_cave, layout_misc_corridors, serial_bayou_crossing
Orc:1:    layout_caves
Orc:2:    st_orc_elflike, layout_caves, serial_shops, nicolae_shop_waterfront,
          lightli_church_of_beogh
Depths:1: layout_cave_pools, abyss_entry_small_statue_room, hell_entry,
          nrook_pool_corridor, minmay_holes, minivault_12
Sewer:    sewer_minmay_treatment
Volcano:  volcano_aerie

Skill      XL: |  1  2  3  4  5  6  7  8  9 10 11 12 13 14 15 |
---------------+----------------------------------------------+-----
Axes           | 4 5 6 7 9 10 12 13 15 16 17 | 17.1
Armour         | 1 2 3 4 5 6 8 9 10 12 13 14 | 14.1
Fighting       | 3 4 5 6 7 8 9 11 12 13 14 | 14.4
Invocations    | 1 2 3 4 5 6 7 9 10 11 12 | 12.1
Dodging        | 4 5 6 7 8 9 10 11 12 13 | 13.6
Shields        | 4 |  4.0
Throwing       | |  2.0

Action                   |  1- 3 |  4- 6 |  7- 9 | 10-12 | 13-15 || total
-------------------------+-------+-------+-------+-------+-------++-------
Melee: War axe           |    55 |    84 |   205 |   526 |   416 ||  1286
       Headbutt          |     8 |    12 |    38 |   110 |   233 ||   401
       Hand axe          |       |       |       |     7 |    11 ||    18
       Double sword      |       |       |       |       |     2 ||     2
       Broad axe         |       |       |       |       |   450 ||   450
Invok: Grand Finale      |       |       |       |     2 |     1 ||     3
Evoke: Wand              |       |       |       |       |     1 ||     1
       Box of beasts     |       |       |       |       |     1 ||     1
  Use: Scroll            |     5 |     1 |     2 |    15 |     8 ||    31
       Potion            |       |     5 |     2 |     8 |     4 ||    19
 Stab: Paralysed         |     1 |     7 |    13 |    48 |    98 ||   167
       Sleeping          |       |     1 |     2 |     1 |     1 ||     5
       Distracted        |       |       |       |       |     1 ||     1
       Petrified         |       |       |       |       |     6 ||     6
  Eat: Chunk             |       |     4 |     6 |    18 |    29 ||    57
       Ration            |       |       |     2 |       |     1 ||     3
Armor: Leather armour    |    12 |    13 |    14 |       |       ||    39
       Scale mail        |       |       |    38 |    96 |       ||   134
       Acid dragon scale |       |       |       |    52 |   119 ||   171
       Plate armour      |       |       |       |       |   233 ||   233
Dodge: Dodged            |    52 |    69 |   138 |   373 |   560 ||  1192
Block: Buckler           |       |       |       |       |   107 ||   107
       Rpst.: Double sword |       |       |       |       |     2 ||     2

Table legend:
 A = Non-vault XP
 B = Vault XP
 C = Vault XP percentage of total XP
 D = Non-vault monster count
 E = Vault monster count
 F = Vault count percentage of total count
                 A         B        C        D         E       F
            +---------+---------+-------+---------+---------+-------
      Total |   80611 |   61879 |  43.4 |     516 |     203 |  28.2
            +---------+---------+-------+---------+---------+-------
        D:1 |      26 |       0 |   0.0 |       9 |       0 |   0.0
        D:2 |       9 |       4 |  30.8 |       3 |       2 |  40.0
        D:3 |      10 |      31 |  75.6 |       5 |       7 |  58.3
        D:4 |     491 |       0 |   0.0 |      25 |       0 |   0.0
        D:5 |     815 |       0 |   0.0 |      18 |       0 |   0.0
        D:6 |     435 |      40 |   8.4 |      11 |       1 |   8.3
        D:7 |    1746 |     962 |  35.5 |      40 |       2 |   4.8
        D:8 |    1087 |    1144 |  51.3 |      24 |       2 |   7.7
        D:9 |    1507 |     466 |  23.6 |      34 |       1 |   2.9
       D:10 |    3774 |       0 |   0.0 |      34 |       0 |   0.0
       D:11 |    5604 |    1940 |  25.7 |      55 |      12 |  17.9
       D:12 |    1922 |    1673 |  46.5 |      17 |       4 |  19.0
       D:13 |    7074 |     986 |  12.2 |      37 |       1 |   2.6
       D:14 |    6345 |    4928 |  43.7 |      20 |       5 |  20.0
       D:15 |   13176 |   13706 |  51.0 |      26 |      24 |  48.0
     Lair:1 |    2543 |       0 |   0.0 |      13 |       0 |   0.0
     Lair:2 |    5332 |     859 |  13.9 |      19 |       4 |  17.4
     Lair:3 |    3190 |     632 |  16.5 |      13 |       4 |  23.5
     Lair:4 |   10446 |    1975 |  15.9 |      38 |       2 |   5.0
     Lair:5 |    2784 |    4642 |  62.5 |      12 |      11 |  47.8
     Lair:6 |    7125 |   12192 |  63.1 |      22 |      23 |  51.1
      Orc:1 |    2742 |       0 |   0.0 |      22 |       0 |   0.0
      Orc:2 |    2051 |   11653 |  85.0 |      18 |      37 |  67.3
   Depths:1 |     377 |       0 |   0.0 |       1 |       0 |   0.0
      Sewer |       0 |     274 | 100.0 |       0 |      48 | 100.0
    Volcano |       0 |    3772 | 100.0 |       0 |      13 | 100.0
            +---------+---------+-------+---------+---------+-------
